 Dungeon Crawl Stone Soup version 0.28-a0-1565-g95a8017c83 (webtiles) character file.

Game seed: 9205956838934080428

18920 kae the Grappler (level 12, 0/124 HPs)
             Began as a Demonspawn Transmuter on Jan 19, 2022.
             Was a Believer of Ru.
             Slain by a phantasmal warrior (9 damage)
             ... led by a death knight
             ... on level 11 of the Dungeon on Jan 20, 2022.
             The game lasted 00:18:52 (17085 turns).

kae the Grappler (Demonspawn Transmuter)           Turns: 17085, Time: 00:18:53

Health: 0/124      AC: 12    Str: 15    XL:     12   Next: 32%
Magic:  0/22       EV: 12    Int: 16    God:    Ru [**....]
Gold:   515        SH:  4    Dex: 13    Spells: 17/25 levels left

rFire   x . .      SeeInvis .     - Unarmed
rCold   + + +      Faith    .   (shield currently unavailable)
rNeg    . . .      Spirit   +   (armour currently unavailable)
rPois   +          Reflect  .   (helmet currently unavailable)
rElec   .          Harm     .   (cloak currently unavailable)
rCorr   .          Rampage  .   (gloves currently unavailable)
Will    .....      Clarity  +   (boots currently unavailable)
Stlth   ..........              h - amulet of guardian spirit
HPRegen 0.30/turn               g - +4 ring of protection
MPRegen 0.18/turn               (no ring)

@: ice-form, weak-willed
A: freezing attack, amphibious, boosted hp, large, rugged brown scales 2, no
stealth, hated by all, condensation shield, demonic magic 3, (demonic touch 3),
(antennae 1), clarity, robust 1
a: End Transformation, Renounce Religion


You were on level 11 of the Dungeon.
You worshipped Ru.
Ru was pleased with you.
You were a creature of crystalline ice.
You visited 2 branches of the dungeon, and saw 13 of its levels.

You collected 515 gold pieces.

Inventory:

Missiles
 t - 4 throwing nets
Armour
 a - a +0 robe (melded)
 k - a +1 cloak of preservation (melded)
 n - a +0 pair of gloves
Jewellery
 g - a +4 ring of protection (left front paw)
 h - an amulet of guardian spirit (around neck)
 s - an amulet of magic regeneration
 v - a ring of fire
 y - a ring of ice
Wands
 o - a wand of paralysis (8)
 q - a wand of charming (12)
 r - a wand of mindburst (16)
 w - a wand of flame (11)
 A - a wand of polymorph (2)
 D - a wand of acid (4)
Scrolls
 e - a scroll of teleportation
 i - a scroll of enchant armour
 j - 2 scrolls of amnesia
 C - a scroll of identify
Potions
 b - a potion of heal wounds
 c - a potion of ambrosia
 d - a potion of flight
 f - a potion of attraction
 l - a potion of invisibility
 m - 3 potions of degeneration
 p - a potion of magic
 u - 2 potions of resistance
 x - a potion of curing
 z - a potion of haste
 B - a potion of lignification
 E - a potion of might {unknown}
 F - a potion of brilliance {unknown}


   Skills:
 + Level 7.5 Fighting
 + Level 7.1 Dodging
 * Level 10.1 Unarmed Combat
 + Level 7.1 Spellcasting
 * Level 10.0 Transmutations
 - Level 5.0 Ice Magic
 - Level 1.5 Poison Magic


You had 17 spell levels left.
You knew the following spells:

 Your Spells              Type           Power      Damage    Failure   Level
a - Beastly Appendage     Tmut           74%        N/A       1%          1
b - Spider Form           Tmut/Pois      24%        N/A       3%          3
c - Ice Form              Ice/Tmut       29%        N/A       5%          4

Your spell library contained the following spells:

 Spells                   Type           Power      Damage    Failure   Level
 Wereblood                Tmut           37%        N/A       1%          2
 Apportation              Tloc           10%        N/A       12%         1
 Shock                    Conj/Air       20%        1d4       12%         1
 Scorch                   Fire           10%        2d5       19%         2
 Alistair's Intoxication  Tmut/Pois      16%        N/A       32%         5
 Gell's Gravitas          Tloc           5%         N/A       36%         3
 Lesser Beckoning         Tloc           5%         N/A       36%         3
 Swiftness                Air            5%         N/A       36%         3
 Teleport Other           Tloc           5%         N/A       36%         3
 Airstrike                Air            2%         N/A       77%         4
 Flame Wave               Conj/Fire      5%         2d4       77%         4
 Chain Lightning          Conj/Air       2%         3d3       100%        9
 Fire Storm               Conj/Fire      2%         8d1       100%        9
 Shatter                  Erth           2%         3d6*      100%        9
 Summon Cactus Giant      Summ           Unusable   N/A       N/A         6

Dungeon Overview and Level Annotations

Branches:
Dungeon (12/15)            Temple (1/1) D:6            Lair (0/6) D:9
    Orc (0/2) D:11

Altars:
Ashenzari
Cheibriados
Dithmenos
Elyvilon
Fedhas
Gozag
Hepliaklqana
Kikubaaqudgha
Makhleb
Nemelex Xobeh
Okawaru
Qazlal
Ru
Sif Muna
Trog
Uskayaw
Vehumet
Wu Jian
Xom
Yredelemnul
Zin
The Shining One
Beogh

Annotations:
D:5 2 transporters, Sapher's ghost, weakling DEEE


Innate Abilities, Weirdness & Mutations

You are a creature of crystalline ice.
You have a powerful freezing melee attack.
You are amphibious.
Your maximum health is increased.
Your armour is entirely melded.
You are incapable of wielding weapons or throwing items.
(You are mostly covered in rugged brown scales. (AC +2, +5% HP))
You cannot be stealthy.
You are hated by all.
A meltable shield of frost defends you. (SH +4)
Spells you cast and wands you use may paralyse nearby enemies.
((Your touch may irresistibly damage your foes and sap their willpower.))
((You have a pair of small antennae on your head.))
You possess an exceptional clarity of mind.
You are robust. (+10% HP)


Message History

You punch the freezing wraith!
The freezing wraith is moderately damaged.
The freezing wraith is stunned by your conviction and fails to attack.
You punch the freezing wraith!
The freezing wraith is heavily damaged.
The freezing wraith hits you.
* * * LOW HITPOINT WARNING * * *
The freezing wraith freezes you. You resist.
* * * LOW HITPOINT WARNING * * *
You block the freezing wraith's attack. The phantasmal warrior gestures at you.
The phantasmal warrior blinks!
You hit the freezing wraith but do no damage.
The freezing wraith is heavily damaged.
You block the freezing wraith's attack. The freezing wraith closely misses you.
You punch the freezing wraith!
The freezing wraith is almost destroyed.
You block the freezing wraith's attack. x2
You pummel the freezing wraith!!
You destroy the freezing wraith!
You punch the phantasmal warrior! You freeze the phantasmal warrior.
The phantasmal warrior is moderately damaged.
The phantasmal warrior misses you.
You hit the phantasmal warrior but do no damage.
The phantasmal warrior is moderately damaged.
The phantasmal warrior hits you!!
* * * LOW HITPOINT WARNING * * *
You barely miss the phantasmal warrior.
The phantasmal warrior is moderately damaged.
The phantasmal warrior hits you!
* * * LOW HITPOINT WARNING * * *
Your willpower is stripped away!
You focus your inner power and illuminate the phantasmal warrior in retribution!
You punch the phantasmal warrior! You freeze the phantasmal warrior.
The phantasmal warrior is heavily damaged.
The phantasmal warrior closely misses you.
You hit the phantasmal warrior but do no damage.
The phantasmal warrior is heavily damaged.
The phantasmal warrior hits you!
You die...

.....#.#.#
##...........>.##.#
.....#.#.#
#.........###.##.#
..^..#.#.#
#.........# #..#.#
.....#.#.#
#...[...).# #..#.#
.....#.#.#
#...?.....###..#.#
.#.#.#.#.#
#..............#.#
##.#.#.#.#
#.#............#.#
#.#.#.#.#
#.#...........##.#
##.#.#.#.#
#Y#..>...........#
...#.#.#.#
###W###ยง......#.....
...#.#.#.#
#...........#.#.....
...#.#.#.#
#....<........#.....
.....#...#
#...........###.....
...#######
##...........+.#.....
.........#
#............#.#.....
.#########
#..########..........
.# #..# #..#.##....


You could see a phantasmal warrior (corona).

Vanquished Creatures
  Fannar (D:10)
  A boulder beetle (D:11)
  2 centaur warriors (D:9)
  3 two-headed ogres
  Sonja (D:10)
  2 skeletal warriors
  A phantasmal warrior (D:11)
  Pikel (D:8)
  An orc knight (D:9)
  2 ugly things
  9 centaur zombies
  2 freezing wraiths
  Maggie (D:8)
  3 kobold demonologists
  3 meliai (D:10)
  A troll (D:11)
  A hornet (D:9)
  A hornet (shapeshifter) (D:9)
  2 shadows
  A wraith (D:9)
  7 yaks (D:9)
  3 wyverns (D:9)
  A vampire mosquito (D:9)
  Eustachio (D:5)
  An acid dragon (D:9)
  10 orc warriors
  A sky beast (D:7)
  A black bear (D:6)
  An ogre (D:4)
  8 centaurs
  A lemure (D:9)
  3 kobold brigands
  2 bullfrogs
  3 gnoll sergeants
  2 wyvern zombies
  A scorpion (D:7)
  6 water moccasin skeletons
  5 killer bees (D:9)
  A howler monkey (D:9)
  A bullfrog zombie (D:6)
  4 hounds
  Crazy Yiuf (D:2)
  2 gnoll shamans
  6 orc priests
  A jelly (D:5)
  Natasha (thrice) (D:1)
  3 iguanas (D:4)
  14 orc wizards
  A hound skeleton (D:5)
  2 howler monkey zombies (D:7)
  28 gnolls
  3 adders
  A shadow imp (D:5)
  An ufetubus (D:7)
  3 worms (D:2)
  2 dart slugs
  35 orcs
  7 bats
  4 endoplasms
  A giant cockroach (D:4)
  2 goblins (D:1)
  7 hobgoblins
  5 jackals
  5 quokkas
  3 ball pythons
  4 frilled lizards
  6 kobolds
  3 rats
255 creatures vanquished.

Vanquished Creatures (others)
  A troll (D:11)
1 creature vanquished.

Grand Total: 256 creatures vanquished

Notes
Turn   | Place    | Note
-------+----------+-------------------------------------------
     0 | D:1      | kae the Demonspawn Transmuter began the quest for the Orb.
     0 | D:1      | Reached XP level 1. HP: 15/15 MP: 3/3
   335 | D:1      | Gained mutation: Your touch may inflict minor irresistible
                  | damage on your foes. [demonic ancestry]
   335 | D:1      | Reached XP level 2. HP: 13/21 MP: 3/5
   792 | D:1      | Found a faded altar of an unknown god.
  1253 | D:2      | Found a bloodstained altar of Trog.
  1271 | D:2      | Noticed Natasha
  1284 | D:1      | Killed Natasha
  1285 | D:1      | Gained mutation: You are partially covered in rugged brown
                  | scales. (AC +1, +3% HP) [demonic ancestry]
  1285 | D:1      | Reached XP level 3. HP: 13/26 MP: 4/6
  1440 | D:1      | Learned a level 3 spell: Spider Form
  1813 | D:1      | Noticed Natasha
  1822 | D:1      | Killed Natasha
  1823 | D:1      | Gained mutation: Your touch may inflict irresistible damage
                  | on your foes. [demonic ancestry]
  1823 | D:1      | Reached XP level 4. HP: 22/33 MP: 0/7
  1832 | D:1      | Noticed Natasha
  1950 | D:1      | Killed Natasha
  2029 | D:1      | Found a faded altar of an unknown god.
  2814 | D:2      | Found a runed translucent door.
  2815 | D:2      | Noticed Crazy Yiuf
  2832 | D:2      | Killed Crazy Yiuf
  2833 | D:2      | Reached XP level 5. HP: 31/39 MP: 0/8
  3735 | D:4      | Gained mutation: A meltable shield of frost defends you.
                  | (SH +4) [demonic ancestry]
  3735 | D:4      | Reached XP level 6. HP: 33/45 MP: 5/10
  3875 | D:4      | Learned a level 4 spell: Ice Form
  4598 | D:4      | Reached skill level 1 in Ice Magic
  4598 | D:4      | Reached skill level 1 in Poison Magic
  4598 | D:4      | Gained mutation: Spells you cast may paralyse adjacent
                  | enemies. [demonic ancestry]
  4598 | D:4      | Reached XP level 7. HP: 52/52 MP: 7/11
  4724 | D:5      | Entered Level 5 of the Dungeon
  4726 | D:5      | Found a transporter.
  4728 | D:5      | Noticed Sapher's ghost (weakling DEEE)
  5079 | D:5      | Found a transporter.
  5144 | D:5      | Found an iron altar of Okawaru.
  5173 | D:5      | Noticed Eustachio
  5437 | D:5      | Killed Eustachio
  5890 | D:5      | Gained mutation: Spells you cast may paralyse nearby
                  | enemies. [demonic ancestry]
  5890 | D:5      | Reached XP level 8. HP: 58/59 MP: 11/13
  6005 | D:6      | Found a staircase to the Ecumenical Temple.
  6037 | Temple   | Entered the Ecumenical Temple
  6174 | Temple   | Became a worshipper of Ru the Awakened
  6352 | D:6      | Reached skill level 5 in Unarmed Combat
  6882 | D:6      | Reached skill level 5 in Transmutations
  7329 | D:6      | Found an ornate altar of the Wu Jian Council.
  7435 | D:6      | Found a shimmering altar of Xom.
  7483 | D:6      | Gained mutation: You are mostly covered in rugged brown
                  | scales. (AC +2, +5% HP) [demonic ancestry]
  7483 | D:6      | Reached XP level 9. HP: 60/68 MP: 12/15
  7834 | D:6      | Gained mutation: You are hated by all. [Ru sacrifice]
  7834 | D:6      | Reached * piety under Ru
 10015 | D:8      | Noticed Maggie
 10019 | D:8      | Killed Maggie
 10020 | D:8      | Reached skill level 5 in Ice Magic
 10184 | D:8      | Noticed a two-headed ogre
 10338 | D:8      | Killed a two-headed ogre
 10339 | D:8      | Gained mutation: Your touch may irresistibly damage your
                  | foes and sap their willpower. [demonic ancestry]
 10339 | D:8      | Reached XP level 10. HP: 10/76 MP: 2/17
 10854 | D:9      | Reached skill level 5 in Fighting
 10880 | D:9      | Noticed Pikel
 10893 | D:8      | Killed Pikel
 10894 | D:8      | Reached skill level 5 in Dodging
 10894 | D:8      | Reached skill level 5 in Spellcasting
 11140 | D:9      | Found a staircase to the Lair.
 11609 | D:9      | Noticed a two-headed ogre
 11618 | D:9      | Killed a two-headed ogre
 11818 | D:9      | Noticed an orc knight
 11834 | D:9      | Killed an orc knight
 12270 | D:9      | Gained mutation: Spells you cast and wands you use may
                  | paralyse nearby enemies. [demonic ancestry]
 12270 | D:9      | Reached XP level 11. HP: 85/85 MP: 14/19
 12581 | D:9      | Noticed a centaur warrior
 12594 | D:9      | Killed a centaur warrior
 12821 | D:9      | Noticed a centaur warrior
 12823 | D:9      | Noticed a green ugly thing
 12827 | D:9      | Noticed a skeletal warrior
 12837 | D:9      | Killed a centaur warrior
 12852 | D:9      | Noticed a sixfirhy
 13305 | D:9      | Killed a green ugly thing
 13308 | D:9      | Gained mutation: You possess an exceptional clarity of
                  | mind. [potion of mutation]
 13308 | D:9      | Gained mutation: You have a pair of small antennae on your
                  | head. [potion of mutation]
 13308 | D:9      | Gained mutation: You are robust. (+10% HP) [potion of
                  | mutation]
 13313 | D:9      | Killed a skeletal warrior
 13486 | D:9      | Identified the +4 morningstar of Evot {vorpal, rCorr Int+6}
 14239 | D:10     | Entered Level 10 of the Dungeon
 14389 | D:10     | Noticed Fannar
 14447 | D:10     | Killed Fannar
 14791 | D:10     | Noticed Sonja
 14816 | D:10     | Killed Sonja
 15755 | D:11     | Noticed a two-headed ogre
 15763 | D:11     | Killed a two-headed ogre
 15764 | D:11     | Reached XP level 12. HP: 104/104 MP: 13/22
 16231 | D:11     | Found a staircase to the Orcish Mines.
 16489 | D:11     | Noticed a boulder beetle
 16517 | D:11     | Killed a boulder beetle
 16633 | D:11     | Gained mutation: You cannot be stealthy. [Ru sacrifice]
 16633 | D:11     | Reached ** piety under Ru
 16834 | D:12     | Noticed a death knight
 16854 | D:11     | Reached skill level 10 in Unarmed Combat
 17075 | D:11     | Reached skill level 10 in Transmutations
 17085 | D:11     | Slain by a phantasmal warrior

Illustrated notes

Levels and vault maps discovered:
D:1:      moated_graveyard_arrival, layout_loops_ring,
          shapermc_ecumenical_altar_mp_vishouse, st_stairs_8, minmay_hexomino_u4
D:2:      layout_rooms, basic_altar, nicolae_wormholes, uniq_crazy_yiuf_cottage,
          uniq_natasha
D:3:      layout_rooms, kennysheep_orc_chapel
D:4:      layout_loops_ring, st_stairs_6
D:5:      layout_cave_pools, mainiacjoe_overflow_small_starburst,
          gammafunk_ghost_mausoleum, kennysheep_dice, uniq_eustachio
D:6:      layout_basic, nicolae_overflow_squiral, temple_fountains,
          minivault_23, st_stairs_1, grunt_decor_one_mirror
D:7:      layout_basic, hangedman_decor_growths
D:8:      layout_rooms, mainiacjoe_overflow_brackets, uniq_maggie
D:9:      minmay_the_grid_3x3 [minmay_the_grid_armoury,
          minmay_the_grid_all_tris, minmay_the_grid_box_x, minmay_the_grid_fan,
          minmay_the_grid_spin_star, minmay_the_grid_expand,
          minmay_the_grid_mess, minmay_the_grid_outer_diamond,
          minmay_the_grid_prize_trominoes], layout_cave_pods, lair_entry_dummy,
          uniq_pikel
D:10:     layout_basic, uniq_fannar, uniq_sonja
D:11:     layout_basic, orc_0_dummy, serial_park_tiny_2,
          hangedman_abyss_or_decor_lesser_grid, nicolae_sextant
D:12:     cheibrodos_orc_bank, layout_cave_pools
Temple:   mainiacjoe_temple_coin_purse

Skill      XL: |  1  2  3  4  5  6  7  8  9 10 11 12 |
---------------+-------------------------------------+-----
Transmutations | 2 3 4 5 6 8 9 10 | 10.0
Unarmed Combat | 3 4 5 6 8 9 10 | 10.1
Dodging        | 2 3 4 5 6 7 |  7.1
Fighting       | 2 3 4 6 7 |  7.5
Spellcasting   | 3 4 5 6 7 |  7.1
Ice Magic      | 1 2 4 5 |  5.0
Poison Magic   | 1 |  1.5

Action                   |  1- 3 |  4- 6 |  7- 9 | 10-12 || total
-------------------------+-------+-------+-------+-------++-------
Melee: Unarmed           |    62 |   135 |   418 |   405 ||  1020
       Kick              |    16 |    16 |     1 |       ||    33
       Headbutt          |     7 |    14 |       |       ||    21
       Touch             |     5 |    18 |    10 |       ||    33
       Punch             |       |     2 |     2 |       ||     4
 Cast: Beastly Appendage |    13 |    20 |     1 |       ||    34
       Spider Form       |     1 |     8 |    30 |       ||    39
       Ice Form          |       |       |    10 |    46 ||    56
Invok: Sacrifice Love    |       |       |     1 |       ||     1
       Sacrifice Stealth |       |       |       |     1 ||     1
Evoke: Wand              |       |       |     4 |     2 ||     6
  Use: Scroll            |     2 |     4 |    12 |     6 ||    24
       Potion            |       |       |     6 |     1 ||     7
 Stab: Sleeping          |     1 |       |       |       ||     1
       Paralysed         |       |       |    12 |    28 ||    40
Armor: Robe              |    13 |    26 |    26 |     5 ||    70
       Skin              |       |     1 |    68 |   131 ||   200
Dodge: Dodged            |    44 |    72 |   323 |   206 ||   645
Block: Other             |       |     6 |    83 |    60 ||   149

Table legend: (Time is in decaauts)
 A = Elapsed time spent in this place.
 B = Non-inter-level travel time spent in this place.
 C = Inter-level travel time spent in this place.
 D = Time resting spent in this place.
 E = Time spent auto-exploring this place.
 F = Levels seen in this place.
 G = Mean time per level.
                   A        B        C        D        E       F      G
               +--------+--------+--------+--------+--------+-----+--------+
         Total |  16986 |  16640 |    346 |   1440 |  12884 |  13 | 1306.6 |
       Dungeon |  16840 |  16521 |    319 |   1440 |  12780 |  12 | 1403.3 |
        Temple |    146 |    119 |     27 |      0 |    104 |   1 |  146.0 |
               +--------+--------+--------+--------+--------+-----+--------+

Top non-repeatable levels by time:
     D:9: 3376 daAuts
     D:6: 2230 daAuts
     D:1: 2112 daAuts
    D:11: 1377 daAuts
    D:10: 1360 daAuts
     D:7: 1192 daAuts
     D:4: 1189 daAuts
     D:8: 1186 daAuts
     D:5: 1118 daAuts
     D:2: 815 daAuts
     D:3: 797 daAuts
  Temple: 146 daAuts
    D:12: 84 daAuts
